 Dungeon Crawl Stone Soup version 0.18-a0-1551-g40744a8 (webtiles) character file.

5896 Ijustatesigmund the Transmogrifier (level 10, -2/81 HPs)
             Began as an Octopode Transmuter on Mar 11, 2016.
             Slain by a giant frog (6 damage)
             ... on level 9 of the Dungeon.
             The game lasted 00:43:32 (11437 turns).

Ijustatesigmund the Transmogrifier (OpTm)          Turns: 11437, Time: 00:43:33

Health: -2/81      AC:  6    Str: 14      XL:     10   Next: 82%
Magic:  15/18      EV: 12    Int: 19      God:
Gold:   279        SH:  0    Dex: 10 (12) Spells: 4 memorised, 6 levels left

rFire  x . .     SeeInvis .       - Unarmed
rCold  + + +     Gourm    .     (shield currently unavailable)
rNeg   . . .     Faith    .     (helmet currently unavailable)
rPois  +         Spirit   .     (no amulet)
rElec  .         Dismiss  .     h - ring of wizardry
rCorr  .         Reflect  .     i - +2 ring of strength
SustAt .         Harm     .     d - +2 ring of strength
MR     .....                    q - ring of flight
Stlth  +++.......               (no ring)
                                (no ring)
                                (no ring)
                                (no ring)

@: ice-form, very slightly contaminated, not resistant to hostile enchantments,
fairly stealthy
A: almost no armour, amphibious, 8 rings, (constrict 8), (tentacle spike 0),
(camouflage 0), (gelatinous body 0)
a: End Transformation, Evoke Flight


You were on level 9 of the Dungeon.
You were hungry.
You were a creature of crystalline ice.
You visited 2 branches of the dungeon, and saw 12 of its levels.
You also visited: Sewer.

You collected 560 gold pieces.
You spent 281 gold pieces at shops.

Inventory:

Missiles
 a - 166 arrows
 e - 10 tomahawks (quivered)
Jewellery
 d - a +2 ring of strength (on tentacle)
 h - a ring of wizardry (left front paw)
 i - a +2 ring of strength (right front paw)
 q - a ring of flight (on tentacle)
Wands
 n - a wand of iceblast (6/15)
 B - a wand of lightning (6/15)
 E - a wand of lightning (9/15)
 H - a wand of flame (23/48)
 I - a wand of random effects (32/48)
Scrolls
 f - 2 scrolls of fear
 l - a scroll of blinking
 o - 4 scrolls of recharging
 u - a scroll of enchant weapon
 y - a scroll of fog
 D - 7 scrolls of remove curse
Potions
 g - a potion of agility
 k - a potion of brilliance
 m - 2 potions of magic
 p - 3 potions of lignification
 v - 2 potions of mutation {unknown}
 w - a potion of haste {unknown}
 z - a potion of curing
 A - a potion of cure mutation {unknown}
 C - a potion of flight {unknown}
 F - 2 potions of ambrosia {unknown}
Books
 b - a book of Changes

   Spells                             Type                      Level
   a - Beastly Appendage              Transmutation                1
   b - Sticks to Snakes               Transmutation                2
   c - Spider Form                    Transmutation/Poison         3
   d - Ice Form                       Ice/Transmutation            4
   e - Blade Hands                    Transmutation                5
 G - a book of Summonings

   Spells                             Type                      Level
   a - Recall                         Summoning/Translocation      3
   b - Aura of Abjuration             Summoning                    5
   c - Summon Demon                   Summoning                    5
   d - Summon Forest                  Summoning/Translocation      5
   e - Summon Mana Viper              Hexes/Summoning              5
   f - Shadow Creatures               Summoning                    6
Comestibles
 c - 7 bread rations
 j - a meat ration
 r - 7 royal jellies


   Skills:
 + Level 6.2 Fighting
 - Level 6.0 Dodging
 - Level 5.0 Stealth
 + Level 7.9 Unarmed Combat
 - Level 5.5 Spellcasting
 - Level 8.0 Transmutations
 - Level 4.2 Ice Magic
 - Level 2.1 Poison Magic


You had 6 spell levels left.
You knew the following spells:

 Your Spells              Type           Power        Failure   Level  Hunger
b - Sticks to Snakes      Trmt           #####...     1%          2    None
c - Spider Form           Trmt/Pois      ###.......   2%          3    ##.....
d - Ice Form              Ice/Trmt       ####....     4%          4    ####...
e - Blade Hands           Trmt           #####.....   6%          5    #####..


Dungeon Overview and Level Annotations

Branches:
Dungeon (11/15)            Temple (1/1) D:7
   Lair: D:8-11         Orc: D:9-12

Altars:
Ashenzari
Dithmenos
Elyvilon
Fedhas
Gozag
Kikubaaqudgha
Makhleb
Okawaru
Pakellas
Qazlal
Ru
Sif Muna
Trog
Vehumet
Xom
Yredelemnul
Zin
The Shining One

Shops:
D:6 }!(


Innate Abilities, Weirdness & Mutations

You cannot wear most types of armour.
You are amphibious.
You can wear up to eight rings at the same time.
((You can use your tentacles to constrict eight enemies at once.))
((Your skin changes colour to match your surroundings (Stealth).))
((Your rubbery body absorbs attacks (AC +1).))
((One of your tentacles bears a spike.))


Message History

You turn into a creature of crystalline ice.
The giant frog croaks.
The giant frog hits you!
* * * LOW HITPOINT WARNING * * *
The giant frog closely misses you.
The giant frog hits you but does no damage.
The giant frog hits you.
* * * LOW HITPOINT WARNING * * *
The giant frog closely misses you.
You closely miss the giant frog. Your adder misses the giant frog.
The giant frog barely misses you.
You barely miss the giant frog. Your adder misses the giant frog.
The giant frog hits you.
* * * LOW HITPOINT WARNING * * *
You are feeling hungry.
You punch the giant frog! You freeze the giant frog.
The giant frog is heavily wounded.
Your adder bites the giant frog.
The giant frog is poisoned.
Your adder poisons the giant frog!
The giant frog hits you.
You die...

.......## ######.##
ยง...####
#[.#############
#####
##.##...........
####.##.##########
#....##.# #.#####.#
########.#####.#
#.......SF.....#####
#>....[.Y...........#
#.###.#.###.#.#####.#
#.....#<# #.#.#
#)....# #)#.#
#.###.###)#.#
#.#.......#.#
#.#.###.#.# #.#.#
###.# . ...


You could see a giant frog and a friendly adder.

Vanquished Creatures
  Pikel (D:4)
  Grinder (D:6)
  A two-headed ogre (D:9)
  Sigmund (D:4)
  A hippogriff (D:7)
  2 hungry ghosts (D:7)
  Menkaure (D:7)
  Edmund (D:4)
  2 orc warriors
  2 sky beasts
  A wasp (D:7)
  A slave (D:4)
  2 ogres
  4 centaurs
  7 giant frogs
  A scorpion (D:5)
  16 killer bees (D:8)
  4 howler monkeys (D:9)
  A giant frog zombie (D:7)
  3 crimson imps
  A centaur zombie (D:8)
  A quasit (D:8)
  4 hounds
  3 orc priests
  A centaur skeleton (D:6)
  A giant frog skeleton (D:7)
  5 jellies
  3 iguanas
  Ijyb (D:2)
  6 worker ants
  5 orc wizards
  A killer bee zombie (D:5)
  2 hound skeletons (D:7)
  A howler monkey zombie (D:8)
  6 gnolls
  A howler monkey skeleton (D:8)
  A river rat (D:4)
  18 adders
  2 shadow imps
  9 oozes (Sewer)
  2 adder zombies
  2 adder skeletons
  A worm (D:3)
  2 dart slugs
  11 giant geckos
  21 orcs
  4 ball pythons
  12 giant cockroaches
  5 goblins
  3 hobgoblins (D:3)
  2 jackals (D:3)
  9 kobolds
  7 quokkas
  7 bats
  15 giant newts
  A quokka zombie (D:8)
  12 rats
  A plant (D:5)
242 creatures vanquished.

Vanquished Creatures (collateral kills)
  A hill giant (D:8)
  A queen bee (D:8)
  An ogre (D:6)
  A killer bee (D:8)
  A giant frog skeleton (D:6)
  An adder (D:8)
  An orc (D:11)
7 creatures vanquished.

Vanquished Creatures (others)
  An adder skeleton (D:4)
  A worm (D:4)
  A giant newt (D:4)
3 creatures vanquished.

Grand Total: 252 creatures vanquished

Notes
Turn   | Place    | Note
--------------------------------------------------------------
     0 | D:1      | Ijustatesigmund the Octopode Transmuter began the quest for the Orb.
     0 | D:1      | Reached XP level 1. HP: 13/13 MP: 3/3
   210 | D:1      | Reached XP level 2. HP: 18/18 MP: 5/5
   513 | D:1      | Learned a level 2 spell: Sticks to Snakes
   889 | D:2      | Reached XP level 3. HP: 13/24 MP: 1/6
   942 | D:1      | Learned a level 3 spell: Spider Form
  1113 | D:2      | Found a burning altar of Makhleb.
  1148 | D:2      | Found a glowing golden altar of the Shining One.
  1318 | D:2      | Found a sacrificial altar of Ru.
  1385 | D:2      | Noticed Ijyb
  1392 | D:2      | Killed Ijyb
  1392 | D:2      | Reached skill level 1 in Poison Magic
  1392 | D:2      | Reached XP level 4. HP: 28/30 MP: 3/7
  1544 | D:2      | Found a glowing silver altar of Zin.
  1707 | D:3      | Found a deep blue altar of Sif Muna.
  1998 | D:3      | Reached XP level 5. HP: 31/36 MP: 8/8
  2673 | D:3      | Found an iron altar of Okawaru.
  2811 | D:4      | Found a shadowy altar of Dithmenos.
  2933 | D:4      | Reached XP level 6. HP: 36/42 MP: 8/10
  2939 | D:4      | Learned a level 4 spell: Ice Form
  2948 | D:4      | Noticed Edmund
  2967 | D:4      | Killed Edmund
  2967 | D:4      | Reached skill level 1 in Ice Magic
  2997 | D:4      | Noticed Sigmund
  3057 | D:4      | Found a glowing drain.
  3083 | Sewer    | Entered a sewer
  3407 | Sewer    | Reached XP level 7. HP: 42/47 MP: 11/11
  3469 | Sewer    | Reached skill level 5 in Unarmed Combat
  3613 | Sewer    | Reached skill level 3 in Transmutations
  3920 | D:4      | Found a radiant altar of Vehumet.
  3924 | D:4      | Found a bloodstained altar of Trog.
  3944 | D:4      | Reached skill level 4 in Transmutations
  3996 | D:4      | Killed Sigmund
  3996 | D:4      | Reached skill level 5 in Transmutations
  4021 | D:4      | Noticed Pikel
  4035 | D:4      | Killed Pikel
  4035 | D:4      | Reached skill level 7 in Transmutations
  4035 | D:4      | Reached XP level 8. HP: 22/54 MP: 9/12
  4503 | D:5      | Entered Level 5 of the Dungeon
  4964 | D:5      | Reached skill level 1 in Stealth
  5687 | D:6      | Found a basalt altar of Yredelemnul.
  5823 | D:6      | Reached XP level 9. HP: 16/59 MP: 7/13
  6222 | D:6      | Noticed Grinder
  6233 | D:6      | Killed Grinder
  6233 | D:6      | Reached skill level 5 in Fighting
  6356 | D:6      | Found Ticusul's Gadget Boutique.
  6371 | D:6      | Bought a wand of lightning (4/15) for 112 gold pieces
  6413 | D:6      | Found Cuhyfarch's Distillery.
  6416 | D:6      | Bought a potion of berserk rage for 65 gold pieces
  6416 | D:6      | Bought a potion of magic for 104 gold pieces
  6465 | D:6      | Found Surepum's Antique Weapon Shop.
  6482 | D:6      | Reached skill level 8 in Transmutations
  7071 | D:7      | Noticed Menkaure
  7279 | D:7      | Found a staircase to the Ecumenical Temple.
  7297 | Temple   | Entered the Ecumenical Temple
  7321 | D:7      | Killed Menkaure
  7946 | D:7      | Reached XP level 10. HP: 50/66 MP: 17/17
  8047 | D:7      | Found an opulent altar of Gozag.
  8214 | D:7      | Reached skill level 5 in Spellcasting
  8997 | D:8      | Found a shimmering altar of Xom.
  8998 | D:8      | Found a shimmering altar of Xom.
  9004 | D:8      | Found a shimmering altar of Xom.
  9006 | D:8      | Gained mutation: One of your tentacles bears a spike. [potion of beneficial mutation]
  9318 | D:8      | Reached skill level 5 in Stealth
  9618 | D:8      | You fall through a shaft for 3 floors!
  9625 | D:11     | Learned a level 5 spell: Blade Hands
  9830 | D:10     | Entered Level 10 of the Dungeon
  9879 | D:9      | Reached skill level 5 in Dodging
 10871 | D:8      | Noticed a hill giant
 10885 | D:8      | Killed a hill giant
 11405 | D:9      | Noticed a fire dragon
 11436 | D:9      | HP: 4/81 [giant frog (5)]
 11437 | D:9      | Slain by a giant frog

Vault maps used:
D:1:      co_arrival_random_square_maze, minmay_quantized
D:2:      lemuel_upstairs_altar, nicolae_tso_carved_into_rock, bloody_makhleb,
          nicolae_ru_awakened_eye, marbit_many_paths, uniq_iyjb
D:3:      okawaru_ov_weapons_minmay, nicolae_overflow_hidden_temple
D:4:      gammafunk_temple_overflow_forgotten, portal_sewer_entry_c,
          minmay_misc_feat_secret_circle, uniq_pikel, uniq_edmund, uniq_sigmund
D:5:      first_bread, serial_bayou, serial_bayou_pond_a, serial_bayou_pond_d,
          serial_bayou_lake_a, serial_bayou_lagoon_a
D:6:      lemuel_round_altar, serial_shops, kennysheep_mini_moat, shop,
          shop_coins, uniq_grinder
D:7:      old_standard_altar, temple_statues, uniq_menkaure
D:8:      xom_redecorated, david_nohive_1
D:9:      dragon1_lemuel, overflow_temple_1_default,
          nicolae_overflow_crystal_walls
D:10:     dpeg_oklobed_lair, serial_shops, shop_statue, lemuel_statue_altar,
          uniq_fannar
D:11:     orc_0_dummy, fedhas_altar_3
Temple:   nicolae_temple_no_exploring_needed
Sewer:    sewer_frog_island_02

Skill      XL: |  1  2  3  4  5  6  7  8  9 10 |
---------------+-------------------------------+-----
Fighting       | 2 3 4 5 6 |  6.2
Poison Magic   | 1 2 |  2.1
Unarmed Combat | 4 5 7 |  7.9
Spellcasting   | 3 4 5 |  5.5
Ice Magic      | 1 2 4 |  4.2
Transmutations | 7 8 |  8.0
Stealth        | 3 5 |  5.0
Dodging        | 3 6 |  6.0

Action                   |  1- 3 |  4- 6 |  7- 9 | 10-12 || total
-------------------------+-------+-------+-------+-------++-------
Melee: Unarmed           |    53 |   150 |   308 |   207 ||   718
Throw: Tomahawk          |       |       |     2 |     4 ||     6
 Cast: Sticks to Snakes  |     2 |       |     5 |    18 ||    25
       Spider Form       |     1 |     4 |    11 |     1 ||    17
       Beastly Appendage |       |     3 |     2 |     1 ||     6
       Ice Form          |       |       |    11 |     8 ||    19
       Blade Hands       |       |       |       |     9 ||     9
 Abil: End Transformatio |       |       |       |     1 ||     1
Evoke: Wand              |       |       |     1 |     4 ||     5
  Use: Scroll            |     3 |    11 |     6 |     6 ||    26
       Potion            |       |     2 |     4 |     6 ||    12
 Stab: Sleeping          |     6 |    11 |    12 |     5 ||    34
       Distracted        |       |       |     1 |     1 ||     2
  Eat: Chunk             |     1 |     8 |    11 |     4 ||    24
       Fruit             |       |       |     2 |       ||     2
       Bread ration      |       |       |     2 |     2 ||     4
       Meat ration       |       |       |     2 |       ||     2
       Pizza             |       |       |     1 |       ||     1
       Beef jerky        |       |       |       |     1 ||     1
